 Dungeon Crawl Stone Soup version 0.18.1-48-g4cf74bf (webtiles) character file.

6860 Wilvix the Cleaver (level 11, -6/69 HPs)
             Began as a Gargoyle Fighter on July 29, 2016.
             Was an Elder of Okawaru.
             Mangled by Snorg (12 damage)
             ... on level 10 of the Dungeon.
             The game lasted 00:24:12 (8296 turns).

Wilvix the Cleaver (Gargoyle Fighter)               Turns: 8296, Time: 00:24:12

Health: -6/69      AC: 24    Str: 27    XL:     11   Next: 6%
Magic:  23/23      EV:  8    Int: 11    God:    Okawaru [****..]
Gold:   780        SH:  8    Dex:  9    Spells: 0 memorised, 10 levels left

rFire  . . .     SeeInvis .     T - +3 war axe
rCold  . . .     Gourm    .     x - +0 plate armour "Tiahasy" {MP+9 Str+3 Int+3} (curse)
rNeg   + . .     Faith    .     a - +1 buckler {AC+3}
rPois  ∞         Spirit   .     (no helmet)
rElec  +         Dismiss  .     (no cloak)
rCorr  .         Reflect  +     (no gloves)
SustAt .         Harm     .     (no boots)
MR     .....                    n - +2 amulet of reflection
Stlth  ..........               (no ring)
                                O - +4 ring of slaying

@: not resistant to hostile enchantments, extremely unstealthy
A: negative energy resistance 1, electricity resistance, unbreathing,
petrification resistance, rot immunity, AC +7
a: Heroism, Renounce Religion


You were on level 10 of the Dungeon.
You worshipped Okawaru.
Okawaru was greatly pleased with you.
You were not hungry.

You visited 2 branches of the dungeon, and saw 11 of its levels.
You also visited: Ossuary.

You collected 780 gold pieces.

Inventory:

Hand Weapons
 T - a +3 war axe (weapon)
Armour
 a - a +1 buckler of protection (worn)
 c - a +0 shield
 x - the cursed +0 plate armour "Tiahasy" (worn) {MP+9 Str+3 Int+3}
   (You found it on level 4 of the Dungeon)

   It affects your strength (+3).
   It affects your intelligence (+3).
   It affects your magic capacity (+9).
   It has a curse placed upon it.
Jewellery
 n - a +2 amulet of reflection (around neck)
 z - an uncursed amulet of rage
 O - a +4 ring of slaying (left hand)
Wands
 y - a wand of slowing (30/48)
 B - a wand of lightning (5/15)
 Q - a wand of confusion (27/48)
 R - a wand of slowing (22/48)
 S - a wand of disintegration (7/24)
 Z - a wand of lightning (6/15)
Scrolls
 b - a scroll of enchant armour {unknown}
 d - 2 scrolls of magic mapping {unknown}
 e - 7 scrolls of identify
 h - 2 scrolls of noise {unknown}
 i - 4 scrolls of recharging {unknown}
 o - 4 scrolls of remove curse {unknown}
 q - 2 scrolls of immolation {unknown}
 s - 4 scrolls of teleportation {unknown}
 t - 2 scrolls of enchant weapon {unknown}
 w - 3 scrolls of random uselessness {unknown}
 F - a scroll of fear {unknown}
 H - a scroll of fog {unknown}
 I - a scroll of silence {unknown}
 M - a scroll of amnesia {unknown}
Potions
 g - a potion of might
 j - 5 potions of brilliance {unknown}
 k - 6 potions of flight
 l - 6 potions of degeneration {unknown}
 m - a potion of beneficial mutation {unknown}
 u - a potion of curing {unknown}
 C - a potion of resistance {unknown}
 D - 2 potions of mutation {unknown}
 E - a potion of invisibility {unknown}
 G - a potion of cure mutation {unknown}
 V - a potion of ambrosia {unknown}
 Y - a potion of haste {unknown}
Books
 A - a book of Battle

   Spells                             Type                      Level
   a - Infusion                       Charms                       1
   b - Shroud of Golubria             Charms/Translocation         2
   c - Song of Slaying                Charms                       2
   d - Spectral Weapon                Hexes/Charms                 3
   e - Regeneration                   Charms/Necromancy            3
Comestibles
 f - 7 bread rations
 p - 2 royal jellies
 r - a slice of pizza
 v - 5 chunks of flesh
 L - 5 fruits
 P - a beef jerky


   Skills:
 + Level 8.4 Fighting
 * Level 9.4 Axes
 + Level 8.3 Armour
 - Level 1.0 Dodging
 - Level 0.2 Stealth
 + Level 8.5 Shields
 - Level 4.3 Evocations


You had 10 spell levels left.
You didn't know any spells.

Dungeon Overview and Level Annotations

Branches:
Dungeon (10/15)            Temple (1/1) D:5
   Lair: D:8-11         Orc: D:9-12

Altars:
Ashenzari
Cheibriados
Dithmenos
Elyvilon
Fedhas
Gozag
Kikubaaqudgha
Makhleb
Nemelex Xobeh
Okawaru
Pakellas
Qazlal
Ru
Sif Muna
Trog
Vehumet
Xom
Yredelemnul
Zin
The Shining One

Annotations:
D:10 Snorg


Innate Abilities, Weirdness & Mutations

You are resistant to torment.
Your stone body is resilient (AC +7).
You are immune to poison.
You resist negative energy.
You are resistant to electric shocks.
You can survive without breathing.
You are immune to petrification.
You are immune to rotting.


Message History

You are too injured to fight recklessly!
You are too injured to fight recklessly!
You hit Snorg.
Snorg is lightly wounded.
Snorg bites you. Snorg claws you but does no damage. You block Snorg's attack.
Press: ? - help, v - describe, . - travel The floor.
Press: ? - help, v - describe, . - travel
Here: Snorg The floor.
You slice Snorg!!
Snorg is moderately wounded.
Snorg goes berserk!
You closely miss Snorg.
Snorg is moderately wounded.
Snorg bites you! Snorg claws you. Snorg claws you but does no damage.
Snorg bites you!
* * * LOW HITPOINT WARNING * * *
Snorg claws you!
You die...

# #..# # #..# # #..# #
#..# # #..#
############..##########
...................?....
.......)................
###########.....@T......
#.............
#.............
#.............
#.............
#.............
...............
...............


You could see Snorg (berserk).

Vanquished Creatures
  Pikel (D:7)
  A manticore (D:9)
  The ghost of tesudzi the Basher, a novice GrWr of Ashenzari (D:7)
  A redback zombie (D:10)
  A tengu conjurer (D:9)
  A slime creature (D:9)
  A yak (D:9)
  2 wyverns (D:9)
  A hippogriff (D:7)
  Menkaure (Ossuary)
  A water moccasin (D:9)
  2 sky beasts
  2 orc warriors (D:9)
  A necrophage (D:6)
  4 ogres
  4 ice beasts
  2 phantoms (D:9)
  3 centaurs
  3 big kobolds
  A wyvern zombie (D:9)
  8 giant frogs
  A gnoll sergeant (D:9)
  4 scorpions
  12 wights
  A killer bee (D:9)
  2 howler monkeys
  2 crimson imps
  2 hounds
  4 orc wizards
  A quasit (D:9)
  A wasp zombie (D:9)
  2 giant frog skeletons (D:9)
  7 orc priests
  3 centaur skeletons
  2 jellies (D:7)
  An iguana (D:9)
  3 worker ants
  A hound skeleton (D:7)
  A worker ant zombie (D:7)
  2 mummies (Ossuary)
  5 gnolls
  6 adders
  2 shadow imps
  2 oozes
  2 adder skeletons
  2 worms
  A dart slug (D:2)
  3 giant geckos
  21 orcs
  5 giant cockroaches
  5 gnoll zombies (Ossuary)
  6 goblins
  7 hobgoblins
  3 jackals (D:8)
  3 quokkas
  A ball python skeleton (D:5)
  6 bats
  8 giant newts
  A goblin skeleton (Ossuary)
  5 goblin zombies (Ossuary)
  3 hobgoblin skeletons (Ossuary)
  2 hobgoblin zombies (Ossuary)
  21 kobolds
  2 kobold skeletons (Ossuary)
  4 kobold zombies (Ossuary)
  An orc skeleton (Ossuary)
  An orc zombie (Ossuary)
  5 rats
  4 rat skeletons (Ossuary)
231 creatures vanquished.

Vanquished Creatures (others)
  A slave (D:7)
  A worker ant (D:7)
  A mummy (Ossuary)
  A dart slug (D:1)
  A kobold (D:7)
  A bat (D:1)
  2 gnoll skeletons (Ossuary)
  4 goblin skeletons (Ossuary)
  A goblin zombie (Ossuary)
  A hobgoblin skeleton (Ossuary)
  A hobgoblin zombie (Ossuary)
  A kobold skeleton (Ossuary)
  A kobold zombie (Ossuary)
  3 orc skeletons (Ossuary)
  An orc zombie (Ossuary)
  3 rat skeletons (Ossuary)
  4 rat zombies (Ossuary)
  2 fungi (D:7)
30 creatures vanquished.

Grand Total: 261 creatures vanquished

Notes
Turn   | Place    | Note
--------------------------------------------------------------
     0 | D:1      | Wilvix the Gargoyle Fighter began the quest for the Orb.
     0 | D:1      | Reached XP level 1. HP: 14/14 MP: 1/1
   296 | D:1      | Reached XP level 2. HP: 12/19 MP: 2/2
   333 | D:1      | Reached skill level 2 in Axes
   834 | D:2      | Reached XP level 3. HP: 19/23 MP: 3/3
  1156 | D:2      | Found a glowing silver altar of Zin.
  1373 | D:3      | Found a bloodstained altar of Trog.
  1501 | D:3      | Found a shadowy altar of Dithmenos.
  1604 | D:3      | Reached XP level 4. HP: 29/29 MP: 4/4
  1633 | D:3      | Reached skill level 1 in Dodging
  1650 | D:3      | Found a sparkling altar of Nemelex Xobeh.
  1942 | D:4      | Got a crude plate armour
  1956 | D:4      | Identified the cursed +0 plate armour "Tiahasy" {MP+9 Str+3 Int+3} (You found it on level 4 of the Dungeon)
  2226 | D:4      | Reached XP level 5. HP: 5/33 MP: 5/5
  2246 | D:4      | Reached skill level 3 in Axes
  2863 | D:4      | Reached XP level 6. HP: 33/39 MP: 6/6
  3095 | D:5      | Entered Level 5 of the Dungeon
  3106 | D:5      | Found a sand-covered staircase.
  3142 | Ossuary  | Entered an ossuary
  3385 | Ossuary  | Noticed Menkaure
  3394 | Ossuary  | Killed Menkaure
  3629 | D:5      | Reached skill level 4 in Axes
  3629 | D:5      | Reached skill level 1 in Evocations
  3629 | D:5      | Reached XP level 7. HP: 35/44 MP: 7/7
  3776 | D:5      | Reached skill level 5 in Armour
  3776 | D:5      | Reached skill level 5 in Shields
  3818 | D:5      | Found a sacrificial altar of Ru.
  3881 | D:5      | Found a staircase to the Ecumenical Temple.
  3890 | Temple   | Entered the Ecumenical Temple
  4110 | D:5      | Reached skill level 5 in Fighting
  4816 | D:6      | Reached XP level 8. HP: 15/49 MP: 9/9
  5188 | D:6      | Got a polished chain mail
  5459 | D:7      | Noticed tesudzi's ghost (novice GrWr)
  5644 | D:7      | Killed tesudzi's ghost
  5644 | D:7      | Reached skill level 5 in Axes
  5663 | D:7      | Noticed Pikel
  5686 | D:7      | Killed Pikel
  5686 | D:7      | Reached skill level 6 in Axes
  5686 | D:7      | Reached XP level 9. HP: 43/55 MP: 11/11
  5827 | D:7      | Found an oddly glowing altar of Pakellas.
  5930 | D:7      | Found an opulent altar of Gozag.
  5968 | D:7      | Found a blossoming altar of Fedhas.
  6089 | D:7      | Found an iron altar of Okawaru.
  6092 | D:7      | Became a worshipper of Warmaster Okawaru
  6321 | D:7      | Found a shimmering altar of Xom.
  6357 | D:7      | Found a snail-covered altar of Cheibriados.
  6526 | D:8      | Reached skill level 7 in Axes
  6665 | D:8      | Reached * piety under Okawaru
  6807 | D:8      | Found a deep blue altar of Sif Muna.
  6880 | D:9      | Reached XP level 10. HP: 55/63 MP: 13/13
  7071 | D:9      | Reached ** piety under Okawaru
  7081 | D:9      | Reached skill level 8 in Axes
  7538 | D:9      | Noticed a manticore
  7552 | D:9      | Killed a manticore
  7577 | D:9      | Reached *** piety under Okawaru
  7910 | D:9      | Reached skill level 9 in Axes
  8131 | D:9      | Found a stormy altar of Qazlal.
  8131 | D:9      | Found a basalt altar of Yredelemnul.
  8154 | D:10     | Entered Level 10 of the Dungeon
  8232 | D:10     | Reached XP level 11. HP: 69/69 MP: 14/14
  8257 | D:10     | Reached **** piety under Okawaru
  8290 | D:10     | Noticed Snorg
  8296 | D:10     | Mangled by Snorg

Skill      XL: |  1  2  3  4  5  6  7  8  9 10 |
---------------+-------------------------------+-----
Axes           | 2 3 4 6 7 9 |  9.4
Armour         | 4 5 6 7 8 |  8.3
Dodging        | 1 |  1.0
Shields        | 4 5 6 7 8 |  8.5
Fighting       | 4 5 6 7 8 |  8.4
Evocations     | 1 3 4 |  4.3
Stealth        | |  0.2

Action                   |  1- 3 |  4- 6 |  7- 9 | 10-12 || total
-------------------------+-------+-------+-------+-------++-------
Melee: War axe           |   169 |   179 |   245 |   275 ||   868
       Hand axe          |       |       |   243 |       ||   243
Evoke: Wand              |       |       |     1 |       ||     1
  Use: Potion            |       |     1 |       |       ||     1
       Scroll            |       |       |       |     1 ||     1
  Eat: Chunk             |     2 |     5 |     5 |     6 ||    18
       Fruit             |       |     3 |       |       ||     3
       Beef jerky        |       |       |     3 |       ||     3
       Pizza             |       |       |     1 |       ||     1
Armor: Scale mail        |   110 |    33 |       |       ||   143
       Plate armour      |       |    59 |   254 |   178 ||   491
Dodge: Dodged            |    63 |    43 |    66 |    48 ||   220
Block: Shield            |    93 |    71 |   290 |   149 ||   603
       Reflection        |       |       |    16 |     6 ||    22
       Buckler           |       |       |       |    24 ||    24
